| TOP OF THE 1ST |
|
El Paso Chihuahuas batting - Pitching for Sacramento River Cats : LHP Adam Ody
|
|
Pitching: LHP Adam Ody
|
|
|
Batting: RHB Itsuo Yoshioka
|
0-0: Bunt missed! 0-1: Ball 1-1: Ball 2-1: Foul Ball, location: 2F 2-2: Ball 3-2: Foul Ball, location: 2F 3-2: Base on Balls
|
|
Batting: RHB Juan Martinez
|
0-0: Called Strike 0-1: Swinging Strike 0-2: Grounds into double play, 6-4-3 (Groundball, 6, EV 81.2 MPH)
|
|
Batting: LHB Sammy Roddenberry
|
0-0: Fly out, F7 (Line Drive, 78M, EV 90.0 MPH)
|
| Top of the 1st over - 0 runs, 0 hits, 0 errors, 0 left on base; El Paso 0 - Sacramento 0 |
| BOTTOM OF THE 1ST |
|
Sacramento River Cats batting - Pitching for El Paso Chihuahuas : LHP Ryan Tatum
|
|
Pitching: LHP Ryan Tatum
|
|
|
Batting: RHB Laroya Foronda
|
0-0: Ball 1-0: Ball 2-0: Ball 3-0: Base on Balls
|
|
Batting: LHB Kevin Kantor
|
0-0: Ball 1-0: Ball 2-0: Foul Ball, location: 2F Pickoff Throw to First - Out! 1-3 CS 2-1: Ball 3-1: Fly out, F6 (Line Drive, 6M, EV 67.5 MPH)
|
|
Batting: LHB Ryan Braden
|
0-0: Ball 1-0: Called Strike 1-1: SINGLE (Groundball, 6MD, EV 94.4 MPH)
|
|
Batting: RHB Davey Beeson
|
0-0: Ball 1-0: Ball 2-0: Ball 3-0: Base on Balls Ryan Braden to second
|
|
Batting: RHB Doug Kennie
|
0-0: Ball 1-0: Swinging Strike 1-1: Swinging Strike 1-2: Ball 2-2: Ball 3-2: Foul Ball, location: 2F 3-2: Strikes out looking
|
| Bottom of the 1st over - 0 runs, 1 hit, 0 errors, 2 left on base; El Paso 0 - Sacramento 0 |
| TOP OF THE 2ND |
|
El Paso Chihuahuas batting - Pitching for Sacramento River Cats : LHP Adam Ody
|
|
Batting: RHB Kiril Emeshin
|
0-0: Ball 1-0: Foul Ball, location: 2F 1-1: Called Strike 1-2: SINGLE (Groundball, 56S, EV 70.6 MPH) (infield hit)
|
|
Batting: SHB Adam Martin
|
0-0: Grounds into double play, 5-4-3 (Groundball, 56S, EV 81.9 MPH)
|
|
Batting: SHB Troy Maynard
|
0-0: Ball 1-0: Called Strike 1-1: Ground out 6-3 (Groundball, 56D, EV 90.6 MPH)
|
| Top of the 2nd over - 0 runs, 1 hit, 0 errors, 0 left on base; El Paso 0 - Sacramento 0 |
| BOTTOM OF THE 2ND |
|
Sacramento River Cats batting - Pitching for El Paso Chihuahuas : LHP Ryan Tatum
|
|
Batting: LHB David Ramirez
|
0-0: Called Strike 0-1: Called Strike 0-2: Strikes out swinging
|
|
Batting: RHB Bill Defazio
|
0-0: Ball 1-0: Ball 2-0: Called Strike 2-1: Foul Ball, location: 2F 2-2: Foul Ball, location: 2F 2-2: Ground out U3 (Groundball, 3S, EV 80.0 MPH)
|
|
Batting: RHB Matt Fenimore
|
0-0: Ball 1-0: Ball 2-0: Foul Ball, location: 2F 2-1: Ball 3-1: SINGLE (Line Drive, 89S, EV 100.6 MPH)
|
|
Batting: RHB Jack Toole
|
0-0: Called Strike 0-1: Ball 1-1: Ball 2-1: Foul Ball, location: 2F 2-2: Ball 3-2: Base on Balls Matt Fenimore to second
|
|
Batting: RHB Laroya Foronda
|
0-0: Ball 1-0: Ball 2-0: Called Strike 2-1: Foul Ball, location: 2F 2-2: Strikes out swinging
|
| Bottom of the 2nd over - 0 runs, 1 hit, 0 errors, 2 left on base; El Paso 0 - Sacramento 0 |
| TOP OF THE 3RD |
|
El Paso Chihuahuas batting - Pitching for Sacramento River Cats : LHP Adam Ody
|
|
Batting: RHB Joe Weissman
|
0-0: Called Strike 0-1: Ball 1-1: Ball 2-1: Foul Ball, location: 2F 2-2: Ball 3-2: Foul Ball, location: 2F 3-2: DOUBLE (Line Drive, 78XD, EV 100.6 MPH)
|
|
Batting: RHB Min-chin Yi
|
0-0: Swinging Strike 0-1: Foul Ball, location: 2F 0-2: Strikes out swinging
|
|
Batting: LHB Josh Slusarczyk
|
0-0: Ball 1-0: SINGLE (Groundball, 4M, EV 103.1 MPH) (infield hit) Joe Weissman to third
|
|
Batting: RHB Itsuo Yoshioka
|
0-0: Foul Ball, location: 2F 0-1: Ball 1-1: Ball 2-1: Called Strike 2-2: Grounds into double play, 5-4-3 (Groundball, 5L, EV 79.4 MPH)
|
| Top of the 3rd over - 0 runs, 2 hits, 0 errors, 1 left on base; El Paso 0 - Sacramento 0 |
| BOTTOM OF THE 3RD |
|
Sacramento River Cats batting - Pitching for El Paso Chihuahuas : LHP Ryan Tatum
|
|
Batting: LHB Kevin Kantor
|
0-0: Ball 1-0: Swinging Strike 1-1: Ball 2-1: Ball 3-1: Bunt missed! 3-2: Foul Ball, location: 2F 3-2: Foul Ball, location: 2F 3-2: SINGLE (Line Drive, 56, EV 105.0 MPH)
|
|
Batting: LHB Ryan Braden
|
0-0: Called Strike Kevin Kantor steals 2nd base 0-1: Foul Ball, location: 2F 0-2: Ground out 6-3 (Groundball, 6, EV 91.9 MPH) Kevin Kantor to third
|
|
Batting: RHB Davey Beeson
|
0-0: Ball 1-0: Ball 2-0: Called Strike 2-1: Swinging Strike 2-2: Foul Ball, location: 2F 2-2: Ground out 3-1 (Groundball, 34S, EV 83.8 MPH) Kevin Kantor scores
|
|
Batting: RHB Doug Kennie
|
0-0: Ball 1-0: Foul Ball, location: 2F 1-1: Ground out 5-3 (Groundball, 56, EV 81.2 MPH)
|
| Bottom of the 3rd over - 1 run, 1 hit, 0 errors, 0 left on base; El Paso 0 - Sacramento 1 |
| TOP OF THE 4TH |
|
El Paso Chihuahuas batting - Pitching for Sacramento River Cats : LHP Adam Ody
|
|
Batting: RHB Juan Martinez
|
0-0: Ground out 6-3 (Groundball, 6, EV 76.2 MPH)
|
|
Batting: LHB Sammy Roddenberry
|
0-0: SINGLE (Line Drive, 56D, EV 96.2 MPH)
|
|
Batting: RHB Kiril Emeshin
|
0-0: Called Strike Sammy Roddenberry steals 2nd base (no throw) 0-1: Ball 1-1: Ground out 5-3 (Groundball, 56, EV 107.5 MPH)
|
|
Batting: SHB Adam Martin
|
0-0: Called Strike 0-1: Called Strike 0-2: Ball 1-2: Ball 2-2: Foul Ball, location: 2F 2-2: Fly out, F6 (Popup, 6D, EV 53.1 MPH)
|
| Top of the 4th over - 0 runs, 1 hit, 0 errors, 1 left on base; El Paso 0 - Sacramento 1 |
| BOTTOM OF THE 4TH |
|
Sacramento River Cats batting - Pitching for El Paso Chihuahuas : LHP Ryan Tatum
|
|
Batting: LHB David Ramirez
|
0-0: Foul Ball, location: 2F 0-1: Ground out 5-3 (Groundball, 56, EV 106.9 MPH)
|
|
Batting: RHB Bill Defazio
|
0-0: Ball 1-0: Foul Ball, location: 2F 1-1: Foul Ball, location: 2F 1-2: Ball 2-2: Ball 3-2: Foul Ball, location: 2F 3-2: Foul Ball, location: 2F 3-2: Base on Balls
|
|
Batting: RHB Matt Fenimore
|
0-0: Called Strike Bill Defazio steals 2nd base 0-1: Ball 1-1: Swinging Strike 1-2: Foul Ball, location: 2F 1-2: Ball 2-2: Strikes out swinging
|
|
Batting: RHB Jack Toole
|
0-0: Ball 1-0: TRIPLE (Flyball, 78XD, EV 101.2 MPH) Bill Defazio scores
|
|
Batting: RHB Laroya Foronda
|
0-0: Fly out, F9 (Line Drive, 9S, EV 91.9 MPH)
|
| Bottom of the 4th over - 1 run, 1 hit, 0 errors, 1 left on base; El Paso 0 - Sacramento 2 |
| TOP OF THE 5TH |
|
El Paso Chihuahuas batting - Pitching for Sacramento River Cats : LHP Adam Ody
|
|
Batting: SHB Troy Maynard
|
0-0: Ball 1-0: Ball 2-0: Called Strike 2-1: Called Strike 2-2: Strikes out swinging
|
|
Batting: RHB Joe Weissman
|
0-0: Called Strike 0-1: Foul Ball, location: 2F 0-2: Ball 1-2: Strikes out swinging
|
|
Batting: RHB Min-chin Yi
|
0-0: Called Strike 0-1: Foul Ball, location: 2F 0-2: Foul Ball, location: 2F 0-2: Ball 1-2: Foul Ball, location: 2F 1-2: Ball 2-2: Fly out, F9 (Flyball, 9LM, EV 94.4 MPH)
|
| Top of the 5th over - 0 runs, 0 hits, 0 errors, 0 left on base; El Paso 0 - Sacramento 2 |
| BOTTOM OF THE 5TH |
|
Sacramento River Cats batting - Pitching for El Paso Chihuahuas : LHP Ryan Tatum
|
|
Batting: LHB Kevin Kantor
|
0-0: Ground out 1-3 (Groundball, 34S, EV 75.0 MPH)
|
|
Batting: LHB Ryan Braden
|
0-0: Ball 1-0: Ground out 4-3 (Groundball, 4, EV 75.6 MPH)
|
|
Batting: RHB Davey Beeson
|
0-0: Called Strike 0-1: Foul Ball, location: 2F 0-2: Ball 1-2: Strikes out looking
|
| Bottom of the 5th over - 0 runs, 0 hits, 0 errors, 0 left on base; El Paso 0 - Sacramento 2 |
| TOP OF THE 6TH |
|
El Paso Chihuahuas batting - Pitching for Sacramento River Cats : LHP Adam Ody
|
|
Batting: LHB Josh Slusarczyk
|
0-0: Foul Ball, location: 2F 0-1: Fly out, F8 (Flyball, 8LD, EV 100.0 MPH)
|
|
Batting: RHB Itsuo Yoshioka
|
0-0: Ball 1-0: Called Strike 1-1: Called Strike 1-2: Strikes out swinging
|
|
Batting: RHB Juan Martinez
|
0-0: Foul Ball, location: 2F 0-1: Swinging Strike 0-2: Ball 1-2: DOUBLE (Line Drive, 89D, EV 111.2 MPH)
|
|
Batting: LHB Sammy Roddenberry
|
0-0: Ball 1-0: Ball 2-0: Ground out 4-3 (Groundball, 4, EV 104.4 MPH)
|
| Top of the 6th over - 0 runs, 1 hit, 0 errors, 1 left on base; El Paso 0 - Sacramento 2 |
| BOTTOM OF THE 6TH |
|
Sacramento River Cats batting - Pitching for El Paso Chihuahuas : LHP Ryan Tatum
|
|
Batting: RHB Doug Kennie
|
0-0: Ball 1-0: Foul Ball, location: 2F 1-1: SINGLE (Groundball, 56D, EV 101.9 MPH)
|
|
Batting: LHB David Ramirez
|
0-0: Swinging Strike 0-1: Foul Ball, location: 2F 0-2: Ball 1-2: Foul Ball, location: 2F 1-2: Ball 2-2: Foul Ball, location: 2F 2-2: Ball 3-2: Strikes out swinging
|
|
Pitching: RHP Brandon Hendrix
|
|
|
Batting: RHB Bill Defazio
|
0-0: Ball 1-0: Fly out, F5 (Line Drive, 56, EV 73.8 MPH)
|
|
Batting: RHB Matt Fenimore
|
0-0: Called Strike 0-1: Ball 1-1: Foul Ball, location: 2F 1-2: Strikes out looking
|
| Bottom of the 6th over - 0 runs, 1 hit, 0 errors, 1 left on base; El Paso 0 - Sacramento 2 |
| TOP OF THE 7TH |
|
El Paso Chihuahuas batting - Pitching for Sacramento River Cats : LHP Adam Ody
|
|
Batting: RHB Kiril Emeshin
|
0-0: Called Strike 0-1: Ball 1-1: Ground out 1-3 (Groundball, 15S, EV 66.2 MPH)
|
|
Batting: SHB Adam Martin
|
0-0: Ball 1-0: Ball 2-0: Called Strike 2-1: Called Strike 2-2: Foul Ball, location: 2F 2-2: DOUBLE (Groundball, 5L, EV 108.1 MPH)
|
|
Batting: SHB Troy Maynard
|
0-0: Ball 1-0: Ball 2-0: Ball 3-0: Called Strike 3-1: Base on Balls
|
|
Batting: RHB Joe Weissman
|
0-0: Ball 1-0: Ball 2-0: Grounds into double play, 6-4-3 (Groundball, 6, EV 88.8 MPH)
|
| Top of the 7th over - 0 runs, 1 hit, 0 errors, 1 left on base; El Paso 0 - Sacramento 2 |
| BOTTOM OF THE 7TH |
|
Sacramento River Cats batting - Pitching for El Paso Chihuahuas : RHP Brandon Hendrix
|
|
Batting: RHB Jack Toole
|
0-0: Ball 1-0: Foul Ball, location: 2F 1-1: Swinging Strike 1-2: Strikes out swinging
|
|
Batting: RHB Laroya Foronda
|
0-0: Ball 1-0: Called Strike 1-1: Ball 2-1: Foul Ball, location: 2F 2-2: Ball 3-2: Ground out U3 (Groundball, 34S, EV 79.4 MPH)
|
|
Batting: LHB Kevin Kantor
|
0-0: Ball 1-0: Called Strike 1-1: Ball 2-1: Ball 3-1: Base on Balls
|
|
Batting: LHB Ryan Braden
|
0-0: Called Strike 0-1: Foul Ball, location: 2F 0-2: Foul Ball, location: 2F 0-2: DOUBLE (Flyball, 78XD, EV 108.8 MPH) Kevin Kantor to third Runner from 3rd tries for Home, SAFE, throw by CF to home
|
|
Batting: RHB Davey Beeson
|
0-0: Ball 1-0: Foul Ball, location: 2F 1-1: Called Strike 1-2: Fly out, F9 (Flyball, 9, EV 86.2 MPH)
|
| Bottom of the 7th over - 1 run, 1 hit, 0 errors, 1 left on base; El Paso 0 - Sacramento 3 |
| TOP OF THE 8TH |
|
El Paso Chihuahuas batting - Pitching for Sacramento River Cats : LHP Adam Ody
|
|
Batting: RHB Min-chin Yi
|
0-0: Called Strike 0-1: Ball 1-1: Ground out 4-3 (Groundball, 34, EV 89.4 MPH)
|
|
Pitching: LHP Chris Morales
|
|
|
Pinch Hitting: RHB Antonio Medina
|
0-0: Ball 1-0: Foul Ball, location: 2F 1-1: Ground out 4-3 (Groundball, 4, EV 101.9 MPH)
|
|
Batting: RHB Itsuo Yoshioka
|
0-0: Ball 1-0: Ball 2-0: Swinging Strike 2-1: Foul Ball, location: 2F 2-2: Ball 3-2: Fly out, F5 (Popup, 25F, EV 88.1 MPH)
|
| Top of the 8th over - 0 runs, 0 hits, 0 errors, 0 left on base; El Paso 0 - Sacramento 3 |
| BOTTOM OF THE 8TH |
|
Sacramento River Cats batting - Pitching for El Paso Chihuahuas : RHP Brandon Hendrix
|
|
Pitching: RHP Jadon Martin
|
|
|
Now at 3B: Antonio Medina
|
|
|
Now at SS: Kiril Emeshin
|
|
|
Batting: RHB Doug Kennie
|
0-0: Called Strike 0-1: SINGLE (Line Drive, 7S, EV 93.1 MPH)
|
|
Batting: LHB David Ramirez
|
0-0: Ball 1-0: Bunted foul 1-1: Ball 2-1: Bunted foul 2-2: SINGLE (Groundball, 56D, EV 103.1 MPH) Doug Kennie to second
|
|
Batting: RHB Bill Defazio
|
0-0: Called Strike 0-1: Swinging Strike 0-2: Strikes out swinging
|
|
Batting: RHB Matt Fenimore
|
0-0: Called Strike 0-1: SINGLE (Groundball, 6MD, EV 98.1 MPH) Doug Kennie to third David Ramirez to second
|
|
Batting: RHB Jack Toole
|
0-0: Ball 1-0: Fly out, F2 (Popup, 23F, EV 81.9 MPH)
|
|
Batting: RHB Laroya Foronda
|
0-0: Ball 1-0: Foul Ball, location: 2F 1-1: Ball 2-1: Fielders Choice at 2nd, 6-4 (Groundball, 6, EV 88.8 MPH)
|
| Bottom of the 8th over - 0 runs, 3 hits, 0 errors, 3 left on base; El Paso 0 - Sacramento 3 |
| TOP OF THE 9TH |
|
El Paso Chihuahuas batting - Pitching for Sacramento River Cats : LHP Chris Morales
|
|
Batting: RHB Juan Martinez
|
0-0: Ball 1-0: Foul Ball, location: 2F 1-1: Ground out 6-3 (Groundball, 56, EV 82.5 MPH)
|
|
Batting: LHB Sammy Roddenberry
|
0-0: Ball 1-0: Foul Ball, location: 2F 1-1: Ball 2-1: SINGLE (Groundball, 56, EV 105.0 MPH)
|
|
Batting: RHB Kiril Emeshin
|
0-0: Called Strike 0-1: Foul Ball, location: 2F 0-2: Strikes out swinging
|
|
Batting: SHB Adam Martin
|
0-0: Foul Ball, location: 2F 0-1: Foul Ball, location: 2F 0-2: Ball 1-2: Ball 2-2: Fielders Choice at 2nd, 5-4 (Groundball, 56, EV 101.2 MPH)
|
| Top of the 9th over - 0 runs, 1 hit, 0 errors, 1 left on base; El Paso 0 - Sacramento 3 |
|